 Dungeon Crawl Stone Soup version 0.20-a0-433-g9e36e56 (webtiles) character file.

26 Kriby the Magician (level 2, -15/19 HPs)
             Began as a Mummy Fire Elementalist on Jan 4, 2017.
             Killed from afar by Natasha (16 damage)
             ... with a wand of flame (?/48)
             ... on level 2 of the Dungeon.
             The game lasted 00:00:55 (1411 turns).

Kriby the Magician (Mummy Fire Elementalist)        Turns: 1411, Time: 00:00:56

Health: -15/19     AC:  2    Str: 11    XL:     2   Next: 89%
Magic:  3/6        EV: 12    Int: 14    God:
Gold:   70         SH:  0    Dex: 12    Spells: 6/7 levels left

rFire  x . .     SeeInvis .     d - -3 dagger (curse)
rCold  + . .     Gourm    .     a - +0 robe
rNeg   + + +     Faith    .     (no shield)
rPois  ∞         Spirit   .     (no helmet)
rElec  .         Reflect  .     (no cloak)
rCorr  .         Harm     .     (no gloves)
MR     .....                    (no boots)
Stlth  ++........               (no amulet)
                                (no ring)
                                (no ring)

@: no status effects
A: no food or potions, fire vulnerability, cold resistance 1, negative energy
resistance 3, torment resistance, unbreathing
a: no special abilities


You were on level 2 of the Dungeon.
You were not hungry.

You visited 1 branch of the dungeon, and saw 3 of its levels.

You collected 70 gold pieces.

Inventory:

Hand Weapons
 d - a cursed -3 dagger (weapon)
Armour
 a - a +0 robe (worn)
Jewellery
 i - an uncursed ring of magical power {unknown}
Scrolls
 c - a scroll of recharging {unknown}
 e - a scroll of blinking {unknown}
 f - a scroll of enchant armour {unknown}
 g - 4 scrolls of identify {unknown}
 h - a scroll of immolation {unknown}
Books
 b - a book of Flames

   Spells                             Type                      Level
   a - Flame Tongue                   Conjuration/Fire             1
   b - Throw Flame                    Conjuration/Fire             2
   c - Conjure Flame                  Conjuration/Fire             3
   d - Inner Flame                    Hexes/Fire                   3
   e - Sticky Flame                   Conjuration/Fire             4
   f - Fireball                       Conjuration/Fire             5


   Skills:
 - Level 1.5 Dodging
 - Level 1.5 Stealth
 + Level 3.2 Spellcasting
 * Level 1.7 Conjurations
 + Level 2.6 Fire Magic


You had 6 spell levels left.
You knew the following spells:

 Your Spells              Type           Power        Failure   Level  Hunger
a - Flame Tongue          Conj/Fire      #....        12%         1    N/A

Dungeon Overview and Level Annotations

Branches:
Dungeon (3/15)

Altars:

Annotations:
D:2 Natasha


Innate Abilities, Weirdness & Mutations

You do not eat or drink.
Your flesh is vulnerable to fire.
You are immune to poison.
Your flesh is cold resistant. (rC+)
You are immune to negative energy. (rN+++)
You are immune to unholy pain and torment.
You can survive without breathing.


Message History

Confirm with . or Enter, or press ? or * to list all spells.
Aiming: Flame Tongue
Press: ? - help, Shift-Dir - straight line, f/p - Natasha
Aim: Natasha, carrying a wand of flame (?/48) {zapped: 1} (lightly wounded)
The flame tongue hits Natasha.
Natasha is heavily wounded.
Natasha claws you!
Ouch! That really hurt!
* * * LOW HITPOINT WARNING * * *
The crimson imp barely misses you.
Casting: Flame Tongue
Confirm with . or Enter, or press ? or * to list all spells.
Aiming: Flame Tongue
Press: ? - help, Shift-Dir - straight line, f/p - Natasha
Aim: Natasha, carrying a wand of flame (?/48) {zapped: 1} (heavily wounded)
The flame tongue hits Natasha.
Natasha is severely wounded.
Natasha zaps a wand.
The puff of flame hits you! The fire burns you terribly!
Ouch! That really hurt!
You die...

. ..#.. ###.#.#.. #...#...?
........# ........#
.......5# #...#h#
########...5@#
#....#.....#.# ##########
#....#.#...#.# #........#
#....#
#.....#####.%......###
#....#
#.........#........'..
#....#
#.........#........###
#....# #.........#........#
#....#+#.........#........#
#.......<............####.#


You could see Natasha, a crimson imp and a shadow imp.

Vanquished Creatures
  An ooze (D:1)
  2 dart slugs (D:1)
  A leopard gecko (D:1)
  A bat (D:1)
  A giant cockroach (D:1)
  2 goblins (D:1)
  4 kobolds (D:1)
  3 frilled lizards
  4 rats
19 creatures vanquished.

Notes
Turn   | Place    | Note
-------+----------+-------------------------------------------
     0 | D:1      | Kriby the Mummy Fire Elementalist began the quest for the Orb.
     0 | D:1      | Reached XP level 1. HP: 13/13 MP: 4/4
   118 | D:1      | Reached skill level 1 in Conjurations
   251 | D:1      | Reached XP level 2. HP: 14/19 MP: 1/5
   544 | D:1      | Reached skill level 3 in Spellcasting
  1168 | D:2      | You fall through a shaft!
  1404 | D:2      | Noticed Natasha
  1407 | D:2      | Noticed a crimson imp
  1411 | D:2      | Killed from afar by Natasha

Vault maps used:
D:1:      matt_arrival_refuge
D:2:      regret_index_temple_of_mockery, minitemple, uniq_crazy_yiuf_cottage,
          uniq_iyjb, uniq_natasha
D:3:      first_bread

Skill      XL: |  1  2 |
---------------+-------+-----
Conjurations   | 1 |  1.7
Spellcasting   | 3 |  3.2
Dodging        | |  1.5
Stealth        | |  1.5
Fire Magic     | |  2.6

Action                   || total
-------------------------++-------
Melee: Unarmed           ||     1
       Dagger            ||     2
 Cast: Flame Tongue      ||    40
Armor: Robe              ||     6
Dodge: Dodged            ||    13
